[Event "*** Titled Tuesday 3|2 Blitz"]
[Site "Chess.com"]
[Date "2016.05.03"]
[Round "9"]
[White "Schemato"]
[Black "Usurpov"]
[Result "0-1"]
[WhiteElo "2213"]
[BlackElo "2338"]
[TimeControl "180+2"]
[EndTime "12:56:50 PDT"]
[Termination "Usurpov won by resignation"]

1. c4 Nf6 2. Nc3 d5 3. cxd5 Nxd5 4. g3 g6 5. Bg2 Nxc3 6. bxc3 Bg7 7. Rb1 Nc6 8. Nf3 O-O 9. O-O e5 10. d3 Rb8 11.
Ng5 Bd7 12. c4 h6 13. Ne4 b6 14. Bd2 Nd4 15. Nc3 Kh7 16. e3 Ne6 17. Qc2 c5 18. Nd5 f5 19. Bc3 f4 20. Be4 Ng5 21. d4 Nxe4 22. Qxe4 Bf5 23. Qf3 Bxb1 24. Rxb1 exd4 25.
exd4 fxg3 26. Qxg3 Qg5 27. dxc5 bxc5 28. Rxb8 Rxb8 29.
Bxg7 Kxg7 30. Qxg5 hxg5 31. Nc3 Rb4 32. Ne4 Rxc4 33.
Nxg5 Kf6 34. Nf3 Rc2 35. a4 Ra2 36. h4 Rxa4 37. Kf1 Rf4 38. Ke2 a5 0-1

[Event "*** Titled Tuesday 3|2 Blitz"]
[Site "Chess.com"]
[Date "2016.05.03"]
[Round "9"]
[White "YaWaleriy"]
[Black "Grootneus"]
[Result "1-0"]
[WhiteElo "2189"]
[BlackElo "2043"]
[TimeControl "180+2"]
[EndTime "12:56:51 PDT"]
[Termination "YaWaleriy won by checkmate"]

1. d4 Nf6 2. Nf3 c5 3. d5 e6 4.
c4 exd5 5. cxd5 d6 6. Nc3 g6 7.
Nd2 Bg7 8. e4 O-O 9. Be2 a6 10. a4 Nbd7 11. O-O Rb8 12. Ra3 Re8 13. f4 h6 14. Kh1 Qe7 15. Qc2 Nb6 16. Bf3 Bg4 17.
a5 Nbd7 18. Nc4 Bxf3 19. gxf3 b5 20. axb6 Nxb6 21. Na5 Qd7 22. Nc6 Ra8 23. Qg2 Nc4 24.
Ra2 Qb7 25. f5 g5 26. h4 Nh7 27. hxg5 hxg5 28. Bxg5 Nxg5 29. Qxg5 f6 30. Qh5 Qb3 31. Rf2 Nxb2 32. Raxb2 Qxc3 33. Rb7 Qe3 34. Qf7+ Kh8 35. Qxg7# 1-0

[Event "*** Titled Tuesday 3|2 Blitz"]
[Site "Chess.com"]
[Date "2016.05.03"]
[Round "9"]
[White "GMVladimir_Petkov"]
[Black "underdogchss"]
[Result "1-0"]
[WhiteElo "2323"]
[BlackElo "2351"]
[TimeControl "180+2"]
[EndTime "12:56:52 PDT"]
[Termination "GMVladimir_Petkov won by resignation"]

1. d4 Nf6 2. c4 e6 3. Nc3 Bb4 4. Nf3 b6 5. Qb3 a5 6. g3 Bb7 7.
Bg2 O-O 8. O-O d5 9. cxd5 exd5 10. Ne5 c6 11. Bg5 Be7 12. Rad1 Na6 13. Rfe1 b5 14. e4 a4 15. Qc2 Nb4 16. Qb1 dxe4 17. Nxe4 Nbd5 18.
Nc5 Bxc5 19. dxc5 Qc7 20. Bxf6 Nxf6 21. Rd6 Rad8 22. Nxc6 Bxc6 23. Rxc6 Qa5 24. b4 axb3 25. axb3 Qd2 26. Bf3 Qc3 27. Re3 Qb4 28. Rxf6 gxf6 29. Qf5 Qd4 30. c6 Rc8 31. Be4 Rfd8 32. Qxh7+ Kf8 33.
Qh6+ Ke7 34. Bf5+ 1-0

[Event "*** Titled Tuesday 3|2 Blitz"]
[Site "Chess.com"]
[Date "2016.05.03"]
[Round "9"]
[White "Dlugy"]
[Black "NaziPaiki"]
[Result "0-1"]
[WhiteElo "2590"]
[BlackElo "2653"]
[TimeControl "180+2"]
[EndTime "12:56:58 PDT"]
[Termination "NaziPaiki won by resignation"]

1. d4 Nf6 2. Bf4 d6 3. Nc3 g6 4. Qd2 Bg7 5. e4 O-O 6. Bh6 c5 7. Bxg7 Kxg7 8. Nge2 Nc6 9. O-O-O e5 10. dxc5 dxc5 11.
Qxd8 Rxd8 12. Rxd8 Nxd8 13. f3 Nc6 14. Ng3 Be6 15. Bb5 Nd4 16. b3 a6 17. Bd3 b5 18.
Rd1 Rb8 19. a4 h5 20. h4 Rb7 21. Nf1 c4 22. bxc4 bxc4 23. Be2 Nd7 24. Ne3 Rb4 25. Bf1 a5 26. Nb5 Nxb5 27. axb5 Nb6 28. Nd5 Bxd5 29. exd5 a4 30. c3 Rxb5 31. d6 a3 32.
Rd2 Rb3 33. Kc2 Rb2+ 34. Kc1 Rxd2 35. Kxd2 a2 0-1

[Event "*** Titled Tuesday 3|2 Blitz"]
[Site "Chess.com"]
[Date "2016.05.03"]
[Round "9"]
[White "Ginger_GM"]
[Black "Rickstereo"]
[Result "1-0"]
[WhiteElo "2548"]
[BlackElo "2210"]
[TimeControl "180+2"]
[EndTime "12:57:02 PDT"]
[Termination "Ginger_GM won by resignation"]

1. g4 d5 2. g5 c6 3. Nf3 Bg4 4. Ne5 Bf5 5. d3 Nd7 6. Bf4 f6 7. Nxd7 Qxd7 8. d4 h6 9. e4 dxe4 10. g6 Bxg6 11. h4 Qf5 12. Qd2 e3 13. Qxe3 Qxc2 14.
Nc3 e5 15. dxe5 O-O-O 16. Rc1 Qxb2 17. exf6 gxf6 18. Bc4 Re8 19. Be6+ Kd8 20. Rd1+ 1-0

[Event "*** Titled Tuesday 3|2 Blitz"]
[Site "Chess.com"]
[Date "2016.05.03"]
[Round "9"]
[White "Fariasov-inactive"]
[Black "Wolverine_master"]
[Result "1-0"]
[WhiteElo "2163"]
[BlackElo "1988"]
[TimeControl "180+2"]
[EndTime "12:57:04 PDT"]
[Termination "Fariasov-inactive won by resignation"]

1. c4 Nf6 2. Nc3 d6 3. d4 g6 4. e4 Bg7 5. f3 O-O 6. Be3 c5 7. dxc5 dxc5 8. Qxd8 Rxd8 9. Bxc5 Nc6 10. Nd5 Nxd5 11.
cxd5 Ne5 12. O-O-O e6 13. d6 Bd7 14. Kb1 Rac8 15.
Bxa7 Ba4 16. b3 Bc6 17. Ne2 Nd7 18. Bf2 Bf8 19. Nc1 Nb8 20. e5 f6 21. f4 Nd7 22.
Bc4 Bd5 23. Bxd5 exd5 24. e6 Nb8 25. e7 Bxe7 26. dxe7 Re8 27. Rhe1 Nc6 28. Bc5 b6 29. Ba3 b5 30. Rxd5 b4 31. Bb2 Rxe7 32. Rxe7 Nxe7 33. Rd7 Nf5 34. Bxf6 Ne3 35. Rg7+ Kf8 36. Rxh7 Rc6 37. Be5 Nxg2 38. Nd3 Ne3 39. Nxb4 Re6 40.
Nd3 Nd5 41. b4 Rb6 42. a3 Kg8 43. Rg7+ Kf8 44. Rd7 Ne3 45. a4 Nc4 46. a5 Nxa5 47.
Bc7 Rb7 48. Rd8+ Ke7 49. Bxa5 g5 50. fxg5 1-0

[Event "*** Titled Tuesday 3|2 Blitz"]
[Site "Chess.com"]
[Date "2016.05.03"]
[Round "9"]
[White "alturas_pacificas"]
[Black "Kawhi_Leonard2"]
[Result "0-1"]
[WhiteElo "2172"]
[BlackElo "2093"]
[TimeControl "180+2"]
[EndTime "12:57:22 PDT"]
[Termination "Kawhi_Leonard2 won by resignation"]

1. d4 Nf6 2. Bf4 g6 3. e3 Bg7 4.
Be2 O-O 5. Nf3 d6 6. O-O b6 7. h3 Bb7 8. c4 Nbd7 9. Nc3 Re8 10. Bh2 e5 11. b4 exd4 12. exd4 Ne4 13. Nxe4 Bxe4 14. Rc1 Qf6 15. c5 Rac8 16. cxd6 cxd6 17. Qa4 Nf8 18. Qxa7 Bxf3 19. Bxf3 Qxd4 20. Rcd1 Qxb4 21. Bxd6 Qa5 22. Qxa5 bxa5 23. Rc1 Ne6 24. Bb7 Rxc1 25.
Rxc1 Nd4 26. Kf1 h5 27. Rc8 Rxc8 28. Bxc8 Nb5 29. Bc5 Nc3 30. a3 Bf8 31. Bxf8 Kxf8 32. Bd7 Ke7 33. Bc6 Kd6 34. Be8 Ke7 35. Bc6 Kd6 36.
Bf3 Nb5 37. g4 h4 38. Ke2 Nxa3 39. Ke3 Ke5 40. Be2 Nc2+ 41. Kd3 Nb4+ 42. Kc4 Nd5 43. Kb5 Nc3+ 44. Kxa5 Nxe2 0-1

[Event "*** Titled Tuesday 3|2 Blitz"]
[Site "Chess.com"]
[Date "2016.05.03"]
[Round "9"]
[White "ArnaudovP"]
[Black "arna"]
[Result "1-0"]
[WhiteElo "2404"]
[BlackElo "2140"]
[TimeControl "180+2"]
[EndTime "12:57:34 PDT"]
[Termination "ArnaudovP won by resignation"]

1. d4 Nf6 2. c4 g6 3. Nc3 Bg7 4. e4 d6 5. Nf3 O-O 6. h3 e5 7. d5 a5 8. g4 Ne8 9. Be2 Na6 10. Rg1 Kh8 11. h4 f5 12. g5 Nc5 13. Be3 b6 14. h5 Rf7 15. hxg6 hxg6 16. Nh4 Nxe4 17. Nxe4 fxe4 18. Nxg6+ Kg8 19. Bg4 a4 20. Be6 c5 21.
Qh5 Bxe6 22. dxe6 Re7 23. Nxe7+ Qxe7 24. Qg6 Nc7 25. Rh1 Nxe6 26. O-O-O a3 27. b3 Nd4 28. Rh3 Qe6 29. Qh7+ Kf8 30. g6 Ra7 31. Bh6 Ne2+ 32. Kd2 Nd4 33. Qh8+ Qg8 34. Bxg7+ Rxg7 35. Qh4 Rxg6 36.
Qd8+ Kf7 37. Qd7+ Kf8 38. Rh7 Re6 39. Qd8+ Re8 40. Qf6+ 1-0

[Event "*** Titled Tuesday 3|2 Blitz"]
[Site "Chess.com"]
[Date "2016.05.03"]
[Round "9"]
[White "Badouuu"]
[Black "FearNoEvil12"]
[Result "0-1"]
[WhiteElo "1992"]
[BlackElo "1932"]
[TimeControl "180+2"]
[EndTime "12:57:36 PDT"]
[Termination "FearNoEvil12 won by resignation"]

1. e4 c5 2. Nf3 d6 3. Bb5+ Nd7 4. d4 cxd4 5. Qxd4 a6 6. Bxd7+ Bxd7 7. O-O e5 8. Qd3 Rc8 9. a4 Qc7 10. Nc3 Be6 11.
Rd1 Nf6 12. Bg5 Be7 13. Rac1 Qb6 14. Bxf6 gxf6 15. b3 Qc5 16. Nd5 Bxd5 17. exd5 Qc3 18. Qf5 Rc5 19. Rd3 Qb2 20. Rdd1 Rc3 21. Nh4 Qa3 22.
Qe4 Qc5 23. Nf5 h5 24. Rd2 Rg8 25. h3 Rg5 26. Ng3 Rcxg3 27. b4 Qa7 28. c4 Rxg2+ 29. Qxg2 Rxg2+ 30. Kxg2 f5 31. c5 Bg5 32. c6 bxc6 33. dxc6 Bxd2 34. c7 Qb7+ 35. f3 0-1

[Event "*** Titled Tuesday 3|2 Blitz"]
[Site "Chess.com"]
[Date "2016.05.03"]
[Round "9"]
[White "Rating-Schmating"]
[Black "simonachess"]
[Result "1-0"]
[WhiteElo "2216"]
[BlackElo "2109"]
[TimeControl "180+2"]
[EndTime "12:57:44 PDT"]
[Termination "Rating-Schmating won by resignation"]

1. e4 d6 2. d4 Nf6 3. Nc3 c6 4.
Nf3 Qa5 5. Bd2 e5 6. dxe5 dxe5 7. Bc4 Bg4 8. h3 Bh5 9. O-O Qc7 10. Be2 Be7 11. Nh2 Bg6 12. Bd3 O-O 13. Ng4 Nbd7 14. Nxf6+ Nxf6 15. Be3 Rad8 16. Qe2 Rd7 17. Rad1 Rfd8 18.
f3 Nh5 19. Qf2 Nf4 20. Bxa7 c5 21. Na4 Qa5 22. Nxc5 Qxa7 23. Nxd7 Qxf2+ 24. Kxf2 Rxd7 25. Bc4 Rc7 26. Bb3 h6 27. Rd2 Bc5+ 28. Kg3 Kh7 29. Rfd1 f5 30. Rd8 Ne2+ 31. Kh2 Bh5 32. g4 fxg4 33.
hxg4 Bf7 34. Bxf7 Rxf7 35. R1d7 Rxf3 36. Rxb7 Rf2+ 37. Kh3 Be3 38. Rdd7 Nf4+ 39. Kg3 Ne6 40. Re7 Rf6 41. a4 Kg6 42. a5 h5 43. gxh5+ Kxh5 44.
a6 Bf4+ 45. Kh3 Ng5+ 46. Kg2 Nxe4 47. Rxg7 Ng5 48. a7 Ra6 49. Rg8 e4 50. a8=Q 1-0

[Event "*** Titled Tuesday 3|2 Blitz"]
[Site "Chess.com"]
[Date "2016.05.03"]
[Round "9"]
[White "chesstatour"]
[Black "kikydu96"]
[Result "0-1"]
[WhiteElo "2024"]
[BlackElo "2277"]
[TimeControl "180+2"]
[EndTime "12:57:51 PDT"]
[Termination "kikydu96 won by resignation"]

1. c4 e5 2. Nc3 Nc6 3. Nf3 Bc5 4. g3 d6 5. Bg2 a6 6. O-O h5 7. h4 Nf6 8. d3 Ng4 9. e3 Ba7 10. Rb1 Bf5 11. b4 f6 12. b5 axb5 13. cxb5 Ne7 14. e4 Be6 15. d4 Qd7 16. d5 Bf7 17. Qe2 Bc5 18. Bh3 Rg8 19. Nh2 g5 20. Nxg4 hxg4 21. Bxg4 f5 22. Bxf5 Nxf5 23. exf5 gxh4 24. Kg2 Qxf5 25. Be3 Ra3 26. Nd1 Bxd5+ 27. Kg1 Qh3 28. f3 Rxg3+ 0-1

[Event "*** Titled Tuesday 3|2 Blitz"]
[Site "Chess.com"]
[Date "2016.05.03"]
[Round "9"]
[White "motivated_bishop"]
[Black "norwaytoadog"]
[Result "1-0"]
[WhiteElo "2314"]
[BlackElo "2046"]
[TimeControl "180+2"]
[EndTime "12:58:18 PDT"]
[Termination "motivated_bishop won on time"]

1. d4 Nf6 2. c4 e6 3. Nc3 Bb4 4. Nf3 O-O 5. e3 c5 6. Bd3 Nc6 7. O-O Bxc3 8. bxc3 d6 9. e4 e5 10. d5 Ne7 11. Re1 Ng6 12. g3 Bg4 13. Bf1 Nh5 14. h3 Bd7 15. Nxe5 Nxe5 16. Qxh5 f5 17. f4 Ng6 18. e5 dxe5 19. fxe5 Be8 20. Qf3 f4 21. Bxf4 Nxf4 22. gxf4 Qh4 23. Qg4 Rxf4 24. Qxh4 Rxh4 25.
Rab1 b6 26. Bg2 Rd8 27. d6 Rh6 28. Rbd1 Bd7 29. e6 Bxe6 30. Re3 Bxc4 31. d7 Be6 32. Rxe6 Rxe6 33. Bd5 Kf7 34. Re1 Ke7 35. Bxe6 Rf8 36. Bg4+ 1-0

[Event "*** Titled Tuesday 3|2 Blitz"]
[Site "Chess.com"]
[Date "2016.05.03"]
[Round "9"]
[White "Gergo85"]
[Black "Fh2411"]
[Result "1-0"]
[WhiteElo "2443"]
[BlackElo "2266"]
[TimeControl "180+2"]
[EndTime "12:58:21 PDT"]
[Termination "Gergo85 won by resignation"]

1. f4 d5 2. Nf3 Nf6 3. g3 g6 4.
Bg2 Bg7 5. O-O O-O 6. d3 b6 7.
c3 Bb7 8. a4 c5 9. a5 Nbd7 10.
Kh1 Qc8 11. Be3 Re8 12. Bg1 e5 13. fxe5 Nxe5 14. Nxe5 Rxe5 15. Nd2 Ng4 16. Nf3 Re8 17. d4 Ne3 18. Bxe3 Rxe3 19. Rf2 h6 20. Qd2 Qe6 21. Ne5 Rxe5 22. dxe5 Qxe5 23. Qf4 Qxf4 24. gxf4 Rd8 25. axb6 axb6 26. Ra7 Ba8 27. f5 g5 28. f6 Bf8 29.
Rf1 Bc6 30. c4 Rd6 31. Rc7 Bd7 32. Bxd5 Be6 33. e4 Bxd5 34. cxd5 Rd8 35. Rb7 Re8 36. Re1 Bd6 37. e5 Rxe5 38. Rxe5 Bxe5 39. Rxb6 Kh7 40.
d6 Bxf6 41. d7 Be7 42. Rb8 1-0

[Event "*** Titled Tuesday 3|2 Blitz"]
[Site "Chess.com"]
[Date "2016.05.03"]
[Round "9"]
[White "cabalista"]
[Black "ChadaevNikolay"]
[Result "0-1"]
[WhiteElo "2380"]
[BlackElo "2565"]
[TimeControl "180+2"]
[EndTime "12:58:35 PDT"]
[Termination "ChadaevNikolay won by resignation"]

1. e4 Nf6 2. e5 Nd5 3. d4 d6 4.
Bc4 Nb6 5. Bb3 dxe5 6. Qh5 e6 7. dxe5 Nc6 8. Nf3 Nd4 9. Nxd4 Qxd4 10. O-O Bd7 11. Rd1 Qc5 12. Be3 Qc6 13. Nc3 g6 14.
Qh4 Bg7 15. a4 a5 16. Qg3 O-O 17. h4 Be8 18. Nb5 Nc4 19. Nd4 Qa6 20. Bxc4 Qxc4 21. c3 Bxa4 22. Re1 c5 23. Nf3 Bc6 24. Bg5 Qd3 25.
Re3 Qf5 26. Rae1 b6 27. Nh2 h6 28. Be7 Rfe8 29. Bd6 a4 30. Ng4 a3 31. bxa3 Rxa3 32. Nf6+ Bxf6 33. exf6 Qxf6 34. Be5 Qf5 35. Rd1 Rea8 36.
Kh2 Bd5 37. c4 Rxe3 38. Qxe3 Bxc4 39. Bc3 Qh5 40. Qd2 Qxh4+ 41. Kg1 Bd5 42. Qe3 Qg5 43.
Qh3 Ra3 44. Rd3 b5 45. Kh2 b4 46. Rg3 Rxc3 0-1

[Event "*** Titled Tuesday 3|2 Blitz"]
[Site "Chess.com"]
[Date "2016.05.03"]
[Round "9"]
[White "Sophiste2"]
[Black "LyonBeast"]
[Result "1-0"]
[WhiteElo "2790"]
[BlackElo "2784"]
[TimeControl "180+2"]
[EndTime "12:58:54 PDT"]
[Termination "Sophiste2 won by resignation"]

1. Nf3 Nf6 2. g3 d5 3. Bg2 c6 4. O-O g6 5. b3 Bg7 6. Bb2 O-O 7. c4 Re8 8. d4 Bf5 9. Nc3 Ne4 10. Ne5 Nxc3 11. Bxc3 Qd6 12. Qd2 Nd7 13. g4 Be6 14.
f4 f6 15. cxd5 cxd5 16. Bb4 Qb6 17. Nxd7 Bxd7 18. Bxd5+ Kh8 19. Bf3 e5 20. Bc5 Qc7 21. fxe5 fxe5 22. Rac1 e4 23. Bg2 Bxg4 24. Bf8 Qd7 25.
Bxg7+ Qxg7 26. e3 Bf5 27. Rc5 Rac8 28. Rfc1 Rxc5 29. Rxc5 b6 30. Rc6 h5 31. Qe1 Kh7 32.
Qg3 Re7 33. h4 Bg4 34. Qf4 Bf5 35. Bf1 Qh6 36. Qxh6+ Kxh6 37. Bc4 Re8 38. Rf6 Rc8 39. Kf2 b5 40. Bxb5 Rc2+ 41. Kg3 Rxa2 42. d5 Rd2 43. Bc4 a5 44. Ra6 Bc8 45. Rxa5 g5 46. Rb5 gxh4+ 47. Kxh4 Kg6 48. Rb6+ Kf5 49. Rb8 Bd7 50. Rd8 1-0

[Event "*** Titled Tuesday 3|2 Blitz"]
[Site "Chess.com"]
[Date "2016.05.03"]
[Round "9"]
[White "GulamaliRises"]
[Black "Blitzstream"]
[Result "1-0"]
[WhiteElo "2581"]
[BlackElo "2429"]
[TimeControl "180+2"]
[EndTime "12:58:56 PDT"]
[Termination "GulamaliRises won by resignation"]

1. e4 d5 2. exd5 Qxd5 3. Nc3 Qa5 4. d4 Nf6 5. Nf3 c6 6. Ne5 Be6 7. Qf3 Nbd7 8. Nc4 Bxc4 9. Bxc4 e6 10. O-O Bd6 11. Ne2 O-O 12. c3 Qc7 13. Qh3 a5 14. Bg5 a4 15. Bd3 Ra5 16. f4 h6 17. Bxf6 Nxf6 18.
Qf3 Qb6 19. Rab1 e5 20. fxe5 Rxe5 21. Ng3 Rg5 22. Nf5 c5 23. Nxh6+ gxh6 24. Qxf6 cxd4 25.
Qxh6 Rg7 26. Rf5 dxc3+ 27. Kh1 c2 28. Bxc2 Qd4 29. Rh5 f6 30. Rd1 Qf2 31. Be4 Kf7 32.
Rh3 Rfg8 33. Qh5+ Ke7 34. Qf3 Qxf3 35. Bxf3 Be5 36. Rh4 Ke6 37. Bd5+ Kf5 38. Bxg8 Rxg8 39. Rxa4 Rc8 40. Rb4 Rc7 41. a4 Ke6 42. g3 Bd6 43.
Rb6 1-0

[Event "*** Titled Tuesday 3|2 Blitz"]
[Site "Chess.com"]
[Date "2016.05.03"]
[Round "9"]
[White "GeorgMeier"]
[Black "exoticprincess"]
[Result "0-1"]
[WhiteElo "2754"]
[BlackElo "2837"]
[TimeControl "180+2"]
[EndTime "12:58:58 PDT"]
[Termination "exoticprincess won by resignation"]

1. Nf3 Nf6 2. g3 g6 3. Bg2 Bg7 4. O-O O-O 5. d4 d6 6. b3 a5 7. a4 c6 8. Nbd2 Na6 9. Re1 Bg4 10. h3 Bxf3 11. Bxf3 e5 12. dxe5 Nd7 13. Bg2 Nxe5 14.
Rb1 d5 15. Bb2 Re8 16. Bd4 Nd3 17. exd3 Bxd4 18. Nf3 Qf6 19. Nxd4 Qxd4 20. Qd2 Nc5 21. Rbd1 Qb4 22. Qxb4 axb4 23. d4 Rxe1+ 24. Rxe1 Ne6 25. Rd1 Kf8 26. Kf1 Re8 27. h4 Re7 28. Bh3 f5 29.
Bg2 Ke8 30. f4 Kd7 31. Kf2 Kd6 32. Bf3 h5 33. Rd2 Nc7 34. Be2 Ne8 35. Bf3 Nf6 36.
Rd1 c5 37. dxc5+ Kxc5 38. a5 Re6 39. Ra1 Ne4+ 40. Bxe4 fxe4 41. Ke3 d4+ 42. Kd2 Rc6 43. Rg1 Kd5 44. g4 e3+ 45. Kd1 Ke4 46. gxh5 gxh5 47.
Rg8 Kf3 0-1

[Event "*** Titled Tuesday 3|2 Blitz"]
[Site "Chess.com"]
[Date "2016.05.03"]
[Round "9"]
[White "Spas_Kozhuharov"]
[Black "Philofive"]
[Result "1-0"]
[WhiteElo "2481"]
[BlackElo "2361"]
[TimeControl "180+2"]
[EndTime "12:59:14 PDT"]
[Termination "Spas_Kozhuharov won by resignation"]

1. d4 Nf6 2. c4 g6 3. Nc3 Bg7 4. e4 d6 5. f3 O-O 6. Be3 c5 7. d5 e6 8. Qd2 exd5 9. cxd5 Nbd7 10. Nh3 a6 11. a4 Ne5 12. Nf2 Bd7 13. Be2 b5 14.
axb5 axb5 15. Rxa8 Qxa8 16. Nxb5 Bxb5 17. Bxb5 Rb8 18.
Be2 Qa1+ 19. Nd1 Qa4 20. O-O Nc4 21. Bxc4 Qxc4 22. Bf4 Ne8 23. Be3 Nc7 24. Qa5 Nb5 25. Qa6 Qb3 26. Qc6 Be5 27. f4 Bxb2 28. e5 Nd4 29.
Qxd6 Nf5 30. Qxc5 Ba3 31. Qa7 Nxe3 32. Nxe3 Rc8 33. d6 Rc5 34. Ng4 Kg7 35. Qe7 h5 36. Qf6+ Kh7 37. d7 Rc1 38. Rxc1 Bxc1 39. d8=Q Qd1+ 40.
Qxd1 1-0

[Event "*** Titled Tuesday 3|2 Blitz"]
[Site "Chess.com"]
[Date "2016.05.03"]
[Round "9"]
[White "Pomoc"]
[Black "rasool78"]
[Result "0-1"]
[WhiteElo "2069"]
[BlackElo "2177"]
[TimeControl "180+2"]
[EndTime "12:59:29 PDT"]
[Termination "rasool78 won on time"]

1. e4 g6 2. d4 Bg7 3. Nc3 c5 4.
dxc5 Bxc3+ 5. bxc3 Qa5 6. Qd4 Nf6 7. Bd2 Nc6 8. Qc4 b6 9. cxb6 axb6 10. Qb5 Nxe4 11.
Qxa5 Rxa5 12. Nf3 Nxd2 13. Kxd2 d6 14. Rb1 Kd7 15. Rxb6 Kc7 16. Rb2 Be6 17. Nd4 Nxd4 18. cxd4 Bxa2 19. Bd3 Bd5 20. f3 Rb8 21. Rxb8 Kxb8 22.
Re1 e6 23. Rb1+ Kc7 24. c4 Ra2+ 25. Kc3 Bc6 26. Rb2 Ra1 27. Bb1 f5 28. Rb4 Ra3+ 29.
Rb3 Rxb3+ 30. Kxb3 e5 31. dxe5 dxe5 32. c5 Bb5 33. Kb4 Bf1 34. g3 Bg2 35. f4 e4 36.
Kc4 Kc6 37. Kd4 Bf1 38. Bc2 h6 39. Ba4+ Bb5 40. Bb3 Kc7 41. Bd5 g5 42. Ke3 Bd7 43. h4 gxh4 44. gxh4 Bc8 45. Kd4 Kd7 46. Ke3 Ke7 47. Kd4 Kf6 48. Ke3 Kg6 49. c6 Kh5 50. c7 Kxh4 51. Bf7 Kg4 52. Bd5 h5 0-1

[Event "*** Titled Tuesday 3|2 Blitz"]
[Site "Chess.com"]
[Date "2016.05.03"]
[Round "9"]
[White "platy3"]
[Black "ShimanovAlex"]
[Result "0-1"]
[WhiteElo "2657"]
[BlackElo "2666"]
[TimeControl "180+2"]
[EndTime "12:59:36 PDT"]
[Termination "ShimanovAlex won by resignation"]

1. e4 c6 2. d4 d5 3. Nc3 dxe4 4. Nxe4 Nf6 5. Nxf6+ exf6 6. c3 Bd6 7. Bd3 O-O 8. Ne2 Qc7 9. h3 Re8 10. O-O Nd7 11.
Qc2 g6 12. Bd2 f5 13. Rfe1 Nf6 14. c4 Be6 15. Nc3 Rad8 16. d5 cxd5 17. Nb5 Qb6 18.
Nxd6 Qxd6 19. c5 Qc6 20. Bg5 Kg7 21. Qd2 Qxc5 22. Rac1 Qd6 23. Bf4 Qe7 24. Be5 a6 25. Qf4 Rd7 26. g4 fxg4 27. hxg4 h6 28. Qd4 Rf8 29.
f3 Qd8 30. Kg2 Rd6 31. Rh1 Rc6 32. Qf4 g5 33. Qd4 Re8 34. Rxc6 bxc6 35. b4 Bd7 36. Bxf6+ Qxf6 37. Qxf6+ Kxf6 38. Rxh6+ Ke5 39. Bxa6 Ra8 40. Bb7 Rxa2+ 41. Kg3 Rc2 42. Rh7 Be6 43. Rh8 d4 44.
Rd8 Bd5 45. b5 Rc3 46. bxc6 Bxf3 47. Kf2 Bxc6 48. Ba6 Rc2+ 49. Kg3 Rc3+ 50. Kf2 Be4 51. Re8+ Kf4 52. Rf8 Rc2+ 53. Ke1 Ke3 54. Kd1 Ra2 0-1

[Event "*** Titled Tuesday 3|2 Blitz"]
[Site "Chess.com"]
[Date "2016.05.03"]
[Round "9"]
[White "spectralsoul"]
[Black "Izoria123"]
[Result "1-0"]
[WhiteElo "2570"]
[BlackElo "2612"]
[TimeControl "180+2"]
[EndTime "12:59:37 PDT"]
[Termination "spectralsoul won by resignation"]

1. c4 e6 2. g3 d5 3. Bg2 Nf6 4. Nf3 dxc4 5. Qa4+ c6 6. Qxc4 b5 7. Qc2 Bb7 8. d4 Nbd7 9. Nc3 c5 10. dxc5 Bxc5 11. O-O Rc8 12. Qb3 a6 13. Ne1 Bxg2 14. Nxg2 O-O 15. Be3 Be7 16. Rad1 Qa5 17. a3 Ne5 18. Bd4 Nc4 19. Ne3 Rfd8 20. Nxc4 Rxc4 21. e3 h5 22. h3 Qc7 23. Ne2 e5 24. Bc3 Ne4 25.
Rxd8+ Bxd8 26. Rd1 Be7 27. Rd5 Ng5 28. h4 Nf3+ 29.
Kf1 Qc6 30. Qd1 Qe6 31. Ng1 Nd4 32. e4 Qg6 33. Rxe5 Nc6 34. Rxh5 Rxe4 35. Qf3 Nd4 36. Bxd4 Rxd4 37. Rd5 Qb1+ 38. Kg2 Rxd5 39. Qxd5 Qxb2 40.
Qa8+ Kh7 41. Qe4+ Kg8 42. Qxe7 a5 43. Nf3 f6 44. Qd8+ Kh7 45. Qxa5 Qb3 46. Qb4 Qd5 47.
Qd4 Qb7 48. Qd3+ Kh8 49. Kg1 Qc6 50. Nd4 Qd5 51. Qc3 Qe5 52. Qc8+ Kh7 53. Qf5+ Qxf5 54. Nxf5 1-0

[Event "*** Titled Tuesday 3|2 Blitz"]
[Site "Chess.com"]
[Date "2016.05.03"]
[Round "9"]
[White "charlescandycampbell"]
[Black "chess960now"]
[Result "0-1"]
[WhiteElo "2055"]
[BlackElo "1994"]
[TimeControl "180+2"]
[EndTime "12:59:40 PDT"]
[Termination "chess960now won by checkmate"]

1. d4 Nf6 2. c4 c5 3. d5 b5 4. a4 bxc4 5. Nc3 d6 6. e4 Ba6 7. a5 Nbd7 8. f4 g6 9. Nf3 Bg7 10. Nd2 O-O 11. Bxc4 Bxc4 12. Nxc4 Rb8 13. O-O Rb4 14. Qe2 Qc8 15. e5 Ne8 16. Na2 Rb8 17. Bd2 Qa6 18. Bc3 Rb3 19. Nc1 Rb8 20. Re1 Rb7 21. exd6 exd6 22. h3 Bd4+ 23. Kh2 Nef6 24. Qd3 Nxd5 25. Bxd4 cxd4 26. Qxd4 N7f6 27. Nd3 Rc8 28. Ne3 Nxe3 29. Rxe3 d5 30. g4 Rc4 31. Qe5 Ne4 32. Qxd5 Rc2+ 33. Kg1 Nd2 34. Re8+ Kg7 35. Qd4+ f6 36. Qe3 Qc6 37. Re7+ Rxe7 38. Qxe7+ Kg8 39. Qd8+ Kg7 40. Qe7+ Kg8 41. Qd8+ Kg7 42.
Qe7+ Kg8 43. Qe3 Nf3+ 44. Kf1 Nh2+ 45. Ke1 Qh1+ 46. Qg1 Qxg1# 0-1

[Event "*** Titled Tuesday 3|2 Blitz"]
[Site "Chess.com"]
[Date "2016.05.03"]
[Round "9"]
[White "bugsbunny444"]
[Black "tac49"]
[Result "1/2-1/2"]
[WhiteElo "2394"]
[BlackElo "2559"]
[TimeControl "180+2"]
[EndTime "12:59:53 PDT"]
[Termination "Game drawn by agreement"]

1. Nf3 Nf6 2. c4 g6 3. b4 Bg7 4.
Bb2 O-O 5. g3 c6 6. Bg2 d5 7.
cxd5 cxd5 8. O-O Bg4 9. d3 Nbd7 10. Nbd2 Re8 11. Ne5 Nxe5 12. Bxe5 Qd7 13. Re1 Bh3 14.
Bh1 Rac8 15. Qb3 Be6 16. Qb2 Red8 17. Nf3 Bg4 18. Rac1 a6 19. a3 Bxf3 20. Bxf3 Ne8 21. Rc5 e6 22. Bxg7 Nxg7 23. Rec1 b6 24. R5c3 Nf5 25.
Bg4 Nd6 26. h4 Nb5 27. Rxc8 Rxc8 28. a4 Rxc1+ 29. Qxc1 Qc7 30. Qxc7 Nxc7 31. e3 a5 32. bxa5 bxa5 33. d4 Kf8 34. Kf1 Ke7 35. Ke1 Kd6 36. Kd2 Na8 37. Be2 Nb6 38. Bb5 f6 39.
Kc3 h6 40. Be8 g5 41. hxg5 hxg5 42. Bb5 Nc8 43. Bd3 Ne7 44. f4 g4 45. Kd2 Nc6 46. Be2 f5 47. Bb5 Nb4 48. Kc3 1/2-1/2

[Event "*** Titled Tuesday 3|2 Blitz"]
[Site "Chess.com"]
[Date "2016.05.03"]
[Round "9"]
[White "cool64chess"]
[Black "AndrewMcStone"]
[Result "1-0"]
[WhiteElo "2198"]
[BlackElo "1982"]
[TimeControl "180+2"]
[EndTime "12:59:53 PDT"]
[Termination "cool64chess won by checkmate"]

1. d4 Nf6 2. c4 Nc6 3. Nf3 e6 4.
d5 Bb4+ 5. Bd2 Bxd2+ 6. Qxd2 exd5 7. cxd5 Ne7 8. Nc3 d6 9. g3 Bf5 10. Bg2 O-O 11. O-O Ne4 12. Qf4 Nxc3 13. bxc3 Qd7 14.
Rfd1 Ng6 15. Qd4 Rfe8 16. e3 Re4 17. Qd2 Re7 18. Nd4 Be4 19. Bxe4 Rxe4 20. f3 Re5 21. e4 Rae8 22. Rab1 b6 23. Nc6 Rh5 24. Nxa7 Ne5 25. Qg2 f5 26. Re1 Rf8 27. f4 Ng4 28. h3 Nf6 29. e5 Ne4 30. e6 Qe7 31. Nc6 Qf6 32. g4 fxg4 33. hxg4 Rxd5 34. Qxe4 Rd2 35.
e7 Re8 36. Qe6+ Qxe6 37. Rxe6 Rxa2 38. Rbe1 Rc2 39. g5 g6 40. f5 gxf5 41. Nd4 Rxc3 42.
Nxf5 Kf7 43. Rf6+ Kg8 44. Rf1 Rc5 45. Rf8+ Rxf8 46. Nh6+ Kg7 47. exf8=Q+ Kg6 48. Qf7+ Kxg5 49. Rf5+ Kxh6 50. Qh5+ Kg7 51. Rf7+ Kg8 52. Qxh7# 1-0

[Event "*** Titled Tuesday 3|2 Blitz"]
[Site "Chess.com"]
[Date "2016.05.03"]
[Round "9"]
[White "AdrianaNikolova"]
[Black "Anton_Demchenko"]
[Result "1-0"]
[WhiteElo "2292"]
[BlackElo "2638"]
[TimeControl "180+2"]
[EndTime "13:00:15 PDT"]
[Termination "AdrianaNikolova won by resignation"]

1. e4 e5 2. Nf3 Nc6 3. Bb5 a6 4. Ba4 g6 5. Nc3 Bg7 6. d3 Nge7 7. O-O O-O 8. Bg5 h6 9. Be3 d6 10. h3 f5 11. Bb3+ Kh8 12. Re1 f4 13. Bd2 Kh7 14. Nd5 g5 15. c3 Ng6 16. Qc1 h5 17. Nh2 g4 18. g3 Nce7 19. Nxe7 Qxe7 20. Kh1 Bd7 21.
Rg1 f3 22. Nf1 c6 23. Ne3 Qe8 24. Nc4 Qe7 25. Nb6 Rad8 26. Nxd7 Rxd7 27. Kh2 Bf6 28. hxg4 hxg4 29. Rh1 d5 30. Kg1+ Kg8 31. exd5 cxd5 32.
c4 Rc8 33. Qe1 Kf8 34. cxd5 Qg7 35. Bh6 Ke7 36. Bxg7 Bxg7 37. d6+ Rxd6 38. Rh7 Kf6 39. Qe4 Rc7 40. Re1 Rd4 41. Qe3 b5 42. Rxg7 Rxg7 43. Qh6 Rd6 44. Qe3 Rd4 45. Qh6 Rd6 46. Rxe5 Rxd3 47. Re1 Rd4 48. Re6+ Kf5 49. Qc1 Rd1+ 50. Qxd1 Ne5 51. Qc2+ Kg5 52. Rxe5+ Kf6 53. Rf5+ Kg6 1-0